 Dungeon Crawl Stone Soup version 0.22-a0-603-gfc1114d (webtiles) character file.

7668 sking99 the Martial Artist (level 10, -8/86 HPs)
             Began as a White Draconian Transmuter on July 7, 2018.
             Was a Follower of Fedhas.
             Mangled by a cyan ugly thing (12 damage)
             ... on level 11 of the Dungeon.
             The game lasted 00:36:16 (13720 turns).

sking99 the Martial Artist (DrTm)                  Turns: 13720, Time: 00:36:18

Health: -8/86      AC: 11    Str: 18    XL:     10   Next: 99%
Magic:  0/15       EV: 15    Int: 14    God:    Fedhas [*.....]
Gold:   130        SH:  0    Dex: 14    Spells: 7/15 levels left

rFire    . . .     SeeInvis .     - Unarmed
rCold    + . .     Gourm    .   (no shield)
rNeg     . . .     Faith    .   (armour unavailable)
rPois    +         Spirit   +   I - +2 hat {MR+}
rElec    .         Reflect  .   d - +0 cloak
rCorr    .         Harm     .   q - +0 pair of gloves {Str+3}
MR       +....                  (no boots)
Stlth    +.........             C - amulet of guardian spirit
HPRegen  0.24/turn              g - ring of poison resistance
MPRegen  0.14/turn              x - +2 ring of strength

@: hasted, drained, very quick
A: breathe frost, unfitting armour, cold resistance 1, cold-blooded, AC +7
a: Breathe Frost, Fungal Bloom, Evolution, Renounce Religion


You were on level 11 of the Dungeon.
You worshipped Fedhas.
Fedhas was aware of your devotion.
You were hungry.

You visited 1 branch of the dungeon, and saw 11 of its levels.

You collected 545 gold pieces.
You spent 415 gold pieces at shops.

Inventory:

Missiles
 a - 216 arrows
Armour
 d - a +0 cloak (worn)
 q - a +0 pair of gloves of strength (worn)
 I - a +2 hat of magic resistance (worn)
Jewellery
 e - an uncursed ring of ice
 g - a ring of poison resistance (left hand)
 o - an uncursed amulet of the gourmand
 x - a +2 ring of strength (right hand)
 y - an uncursed ring of resist corrosion
 C - an amulet of guardian spirit (around neck)
 F - a -2 ring of evasion
Wands
 h - a wand of flame (51)
 m - a wand of scattershot (5)
 G - a wand of enslavement (14)
Scrolls
 b - 7 scrolls of teleportation
 j - 2 scrolls of enchant weapon
 k - 7 scrolls of remove curse
 l - 3 scrolls of amnesia
 n - 3 scrolls of fog
 s - 3 scrolls of enchant armour
 t - 4 scrolls of fear
 v - 3 scrolls of immolation
 w - 2 scrolls of blinking
 D - 4 scrolls of identify
 H - a scroll of holy word {unknown}
Potions
 i - 3 potions of brilliance
 p - a potion of haste
 r - 3 potions of berserk rage
 u - 3 potions of cancellation
 z - 2 potions of lignification
 A - a potion of flight
 B - a potion of mutation {unknown}
 E - a potion of resistance {unknown}
Comestibles
 c - 19 rations


   Skills:
 + Level 7.6(7.0) Fighting
 + Level 6.4(5.8) Dodging
 + Level 11.2(10.6) Unarmed Combat
 - Level 3.0(2.5) Spellcasting
 - Level 5.1(4.5) Transmutations
 + Level 7.3(6.7) Invocations


You had 7 spell levels left.
You knew the following spells:

 Your Spells              Type           Power        Failure   Level  Hunger
a - Beastly Appendage     Tmut           ##....       3%          1    #......
b - Sticks to Snakes      Tmut           ##......     5%          2    ###....
c - Blade Hands           Tmut           ##........   67%         5    ######.

Your spell library contained the following spells:

 Spells                   Type           Power        Failure   Level  Hunger
 Confuse                  Hex            #.......     56%         3    ###....
 Animate Dead             Necr           N/A          92%         4    #####..
 Pain                     Necr           #...         22%         1    #......
 Animate Skeleton         Necr           N/A          22%         1    #......
 Vampiric Draining        Necr           #.........   56%         3    ###....
 Regeneration             Chrm/Necr      #.........   56%         3    ###....
 Spider Form              Tmut/Pois      #.........   26%         3    ###....
 Ice Form                 Ice/Tmut       #.......     65%         4    #####..
 Confusing Touch          Hex            #.....       22%         1    #......
 Metabolic Englaciation   Hex/Ice        #.........   99%         5    ######.
 Petrify                  Tmut/Erth      #.......     65%         4    #####..
 Gell's Gravitas          Tloc           #.........   56%         3    ###....
 Yara's Violent Unravell  Hex/Tmut       #.........   94%         5    ######.


Dungeon Overview and Level Annotations

Branches:
Dungeon (11/15)            Temple (0/1) D:6            Lair (0/6) D:8
    Orc (0/2) D:11

Altars:
Dithmenos
Fedhas
The Shining One
Beogh

Shops:
D:6 [??   D:7 :!}!}   D:10 [


Innate Abilities, Weirdness & Mutations

You can breathe waves of freezing cold.
You can buffet flying creatures when you breathe cold.
Your icy white scales are hard. (AC +7)
You cannot fit into any form of body armour.
Your flesh is cold resistant. (rC+)
You are cold-blooded and may be slowed by cold attacks.


Message History

The cyan ugly thing punches you!
* * * LOW HITPOINT WARNING * * *
The cyan ugly thing shocks you!
* * * LOW HITPOINT WARNING * * *
Unknown command.
You feel yourself speed up. The cyan ugly thing barely misses you.
You barely miss the cyan ugly thing.
The cyan ugly thing is heavily wounded.
You hit the cyan ugly thing.
The cyan ugly thing is severely wounded.
The cyan ugly thing completely misses you.
You barely miss the cyan ugly thing. You punch the cyan ugly thing!
The cyan ugly thing is severely wounded.
You barely miss the cyan ugly thing.
The cyan ugly thing is severely wounded.
The cyan ugly thing punches you!
* * * LOW HITPOINT WARNING * * *
The cyan ugly thing shocks you!
You die...
Fedhas appreciates your contribution to the ecosystem.

#f###.## ..# #.##...#
..# #....#.#### ..#
####...##.#####.# ##
##....#f..ff###.# #
#.###f#####)#.###.##.##
#.###f## ##lo.[u..ol.#
#.##.#.## #u####.##.#.
#.#f###.####@# # #.f##
##.....# #.#f###.######
#.#..#f### #....f...#
#........# #........#
#........# #........#


You could see a cyan ugly thing, a wyvern and an orc priest.

Vanquished Creatures
  A two-headed ogre (D:9)
  Nergalle (D:11)
  Maurice (D:9)
  A wolf spider simulacrum (D:11)
  A hippogriff (D:11)
  A hog (D:7)
  Grum (D:9)
  A human (D:7)
  3 wargs (D:8)
  A black bear (D:10)
  6 orc warriors
  A wolf (D:9)
  A crocodile (D:9)
  2 centaurs
  Blork the orc (D:6)
  2 bullfrogs
  A scorpion (D:7)
  5 wights (D:7)
  A vampire bat (D:4)
  3 howler monkeys (D:7)
  2 crimson imps
  A bullfrog zombie (D:11)
  3 jellies
  9 orc priests
  A bullfrog skeleton (D:9)
  3 centaur skeletons
  Natasha (thrice) (D:4)
  2 iguanas
  7 orc wizards
  4 worker ants
  A hound zombie (D:9)
  A worker ant zombie (D:9)
  6 adders
  3 oozes
  5 worms
  An adder skeleton (D:7)
  A dart slug (D:2)
  5 leopard geckos
  41 orcs
  5 giant cockroaches
  5 goblins
  8 hobgoblins
  12 jackals
  11 kobolds
  A quokka (D:6)
  A ball python (D:1)
  13 bats
  2 frilled lizards
  A giant cockroach zombie (D:5)
  A leopard gecko skeleton (D:9)
  7 rats
201 creatures vanquished.

Vanquished Creatures (collateral kills)
  A hydra (D:11)
  A two-headed ogre (D:8)
  Grinder (D:4)
  A hippogriff (D:7)
  A wandering mushroom (D:9)
  3 hogs (D:7)
  A wyvern (D:6)
  A water moccasin (D:10)
  4 orc warriors
  2 sky beasts
  A phantom (D:6)
  An eye of draining (D:5)
  An ogre (D:7)
  2 centaurs (D:7)
  A wolf (D:9)
  A big kobold (D:10)
  6 killer bees (D:8)
  A crimson imp (D:8)
  A quasit (D:5)
  A centaur zombie (D:6)
  A hound (D:6)
  A jelly (D:10)
  2 orc priests (D:11)
  Crazy Yiuf (D:3)
  2 orc wizards (D:8)
  3 worker ants
  4 adders
  A shadow imp (D:11)
  A leopard gecko (D:7)
  15 orcs
  A hobgoblin (D:2)
  4 jackals
  2 kobolds (D:10)
  A quokka (D:7)
  A bat (D:2)
  A leopard gecko zombie (D:8)
  2 rats (D:2)
75 creatures vanquished.

Vanquished Creatures (others)
  A necrophage (D:10)
  10 wandering mushrooms
  113 toadstools
124 creatures vanquished.

Grand Total: 400 creatures vanquished

Notes
Turn   | Place    | Note
-------+----------+-------------------------------------------
     0 | D:1      | sking99 the Draconian Transmuter began the quest for the Orb.
     0 | D:1      | Reached XP level 1. HP: 16/16 MP: 3/3
   481 | D:1      | Reached XP level 2. HP: 18/23 MP: 3/5
  1247 | D:2      | Learned a level 2 spell: Sticks to Snakes
  1409 | D:2      | Reached XP level 3. HP: 12/29 MP: 1/6
  1805 | D:2      | Reached skill level 4 in Unarmed Combat
  2402 | D:2      | You fall through a shaft!
  2430 | D:3      | Reached XP level 4. HP: 36/36 MP: 7/7
  3122 | D:3      | Found a runed door.
  3306 | D:3      | Found a blossoming altar of Fedhas.
  3323 | D:3      | Became a worshipper of Fedhas Madash
  3572 | D:3      | Reached XP level 5. HP: 41/41 MP: 9/9
  3836 | D:3      | Noticed Crazy Yiuf
  3847 | D:3      | Killed Crazy Yiuf
  4226 | D:4      | Noticed Natasha
  4234 | D:4      | Killed Natasha
  4234 | D:4      | Reached skill level 5 in Unarmed Combat
  4455 | D:4      | Noticed Grinder
  4466 | D:4      | Killed Grinder
  4466 | D:4      | Reached XP level 6. HP: 19/48 MP: 4/10
  4687 | D:4      | Noticed Natasha
  4702 | D:4      | Killed Natasha
  4702 | D:4      | Reached skill level 6 in Unarmed Combat
  4740 | D:4      | Reached * piety under Fedhas
  4945 | D:4      | Noticed Natasha
  4969 | D:4      | Killed Natasha
  5099 | D:5      | Entered Level 5 of the Dungeon
  5112 | D:5      | Your scales start taking on an icy white colour.
  5112 | D:5      | Reached XP level 7. HP: 55/55 MP: 1/11
  5112 | D:5      | Gained mutation: Your flesh is cold resistant. (rC+) [White Draconian growth]
  5808 | D:6      | Found a shadowy altar of Dithmenos.
  5971 | D:6      | Reached skill level 7 in Unarmed Combat
  6219 | D:6      | Found Pubbopn's Antique Armour Shop.
  6238 | D:6      | Found Cylo Bif's Magic Scroll Shop.
  6267 | D:6      | Bought a scroll of blinking for 97 gold pieces
  6267 | D:6      | Bought a scroll of fear for 45 gold pieces
  6357 | D:6      | Noticed a wyvern
  6363 | D:6      | Killed a wyvern
  6363 | D:6      | Reached skill level 5 in Transmutations
  6601 | D:6      | Found Xularet's Magic Scroll Emporium.
  6712 | D:6      | Found a glowing golden altar of the Shining One.
  6791 | D:6      | Noticed Blork the orc
  6807 | D:6      | Killed Blork the orc
  6807 | D:6      | Reached XP level 8. HP: 41/61 MP: 12/12
  6821 | D:6      | Reached skill level 8 in Unarmed Combat
  6925 | D:6      | Reached skill level 1 in Invocations
  7004 | D:6      | Found a staircase to the Ecumenical Temple.
  7312 | D:7      | Found Kalleczady's Gadget Shoppe.
  7321 | D:7      | Found Ecacycos's Distillery.
  7598 | D:7      | Found Naugheva's Book Shoppe.
  7699 | D:7      | Found Legaqitrep's Distillery.
  7719 | D:7      | Noticed a hippogriff
  7727 | D:7      | Killed a hippogriff
  7727 | D:7      | Reached skill level 9 in Unarmed Combat
  7774 | D:7      | Got a scorched cloak
  7785 | D:7      | Identified the cursed -4 cloak "Kuyvufue" {Str+3} (You found it on level 7 of the Dungeon)
  8103 | D:7      | Found Pibuz's Gadget Boutique.
  8280 | D:7      | Reached XP level 9. HP: 57/71 MP: 13/13
  8744 | D:8      | Found a staircase to the Lair.
  8968 | D:8      | Noticed a two-headed ogre
  8973 | D:8      | Reached skill level 5 in Fighting
  9008 | D:8      | Killed a two-headed ogre
  9008 | D:8      | Reached skill level 10 in Unarmed Combat
  9792 | D:9      | Reached skill level 5 in Invocations
  9799 | D:9      | Learned a level 5 spell: Blade Hands
  9882 | D:9      | Noticed Maurice
 10088 | D:9      | Noticed a two-headed ogre
 10100 | D:9      | Killed a two-headed ogre
 10100 | D:9      | Reached XP level 10. HP: 48/83 MP: 4/14
 10333 | D:9      | Reached skill level 5 in Dodging
 10350 | D:9      | Noticed Grum
 10365 | D:9      | Killed Grum
 10992 | D:10     | Entered Level 10 of the Dungeon
 11645 | D:9      | Killed Maurice
 12399 | D:10     | Found Lewuebecw's Armour Boutique.
 12407 | D:10     | Bought a +2 hat of magic resistance for 273 gold pieces
 12756 | D:11     | Found a staircase to the Orcish Mines.
 12805 | D:11     | Found a roughly hewn altar of Beogh.
 12885 | D:11     | Noticed a six-headed hydra
 12894 | D:11     | Killed a six-headed hydra
 12894 | D:11     | Reached skill level 11 in Unarmed Combat
 13345 | D:11     | Noticed Nergalle
 13379 | D:11     | Killed Nergalle
 13691 | D:11     | Noticed a cyan ugly thing
 13720 | D:11     | HP: 4/86 [cyan ugly thing (8)]
 13720 | D:11     | Mangled by a cyan ugly thing

Vault maps used:
D:1:      eino_arrival_cavern_b, minmay_misc_feat_x, minmay_misc_feat_tiny,
          palyth_stone_intersect
D:2:      serial_glass, glass_columns_a, glass_columns_b
D:3:      fedhas_altar_2, uniq_crazy_yiuf_cottage
D:4:      first_ration, grunt_ministairs_9, grunt_decor_resistance,
          minmay_misc_feat_room, roderic_batcave, uniq_grinder, uniq_natasha
D:6:      nicolae_dithmenos_the_darkroom, minmay_temple_entry_nine_rooms,
          serial_shops, shop, nicolae_shop_trees, nicolae_shop_waterfront,
          tso_altar, uniq_blork_the_orc
D:7:      serial_shops, kennysheep_mini_moat, shop, nicolae_shop_behind_doors,
          shop, shop, grunt_livestock, minmay_door_square
D:8:      erik_lair_orcish_takeover
D:9:      uniq_maurice, uniq_grum
D:10:     serial_shops, shop_fountains, hangedman_abyss_or_decor_stabs,
          minmay_variable_closet, serial_bayou_pond_a
D:11:     minmay_orc_entry_temple_small, gammafunk_ghost_spectres, uniq_nergalle

Skill      XL: |  1  2  3  4  5  6  7  8  9 10 |
---------------+-------------------------------+-----
Fighting       | 2 4 5 7 |  7.6
Unarmed Combat | 4 5 6 7 9 10 11 | 11.2
Spellcasting   | 3 |  3.0
Transmutations | 3 4 5 |  5.1
Dodging        | 3 4 6 |  6.4
Invocations    | 3 5 7 |  7.3

Action                   |  1- 3 |  4- 6 |  7- 9 | 10-12 || total
-------------------------+-------+-------+-------+-------++-------
Melee: Unarmed           |   132 |   237 |   290 |   255 ||   914
       Tailslap          |    16 |    29 |    37 |    45 ||   127
       Punch             |     1 |     4 |    14 |    12 ||    31
       Headbutt          |     1 |     2 |     8 |       ||    11
       Kick              |     1 |     8 |     4 |     5 ||    18
 Cast: Beastly Appendage |     2 |     4 |     4 |     2 ||    12
       Sticks to Snakes  |     4 |    11 |     6 |       ||    21
Invok: Fungal Bloom      |       |     9 |    23 |    29 ||    61
       Evolution         |       |     1 |     9 |     4 ||    14
 Abil: Breathe Frost     |       |       |     6 |     1 ||     7
Evoke: Wand              |       |       |       |     1 ||     1
  Use: Scroll            |       |       |    20 |     1 ||    21
       Potion            |       |       |       |     5 ||     5
 Stab: Sleeping          |     1 |     2 |       |       ||     3
       Distracted        |       |     1 |     2 |       ||     3
       Confused          |       |       |     2 |       ||     2
  Eat: Chunk             |     5 |     6 |    18 |     9 ||    38
       Ration            |       |     1 |       |     1 ||     2
Armor: Skin              |    35 |    87 |    81 |    69 ||   272
Dodge: Dodged            |    70 |   191 |   148 |   156 ||   565

Table legend:
 A = Spawn XP
 B = Non-spawn XP
 C = Spawn XP percentage of total XP
 D = Spawn monster count
 E = Non-spawn monster count
 F = Spawn count percentage of total count
 G = Total turns spent on level
                    A         B        C        D         E        F      G
               +---------+---------+-------+---------+---------+-------+---------
         Total |       0 |   10955 |   0.0 |       0 |     275 |   0.0 | 13720
               +---------+---------+-------+---------+---------+-------+---------
           D:1 |       0 |      28 |   0.0 |       0 |      13 |   0.0 |  1290
           D:2 |       0 |      88 |   0.0 |       0 |      32 |   0.0 |  1481
           D:3 |       0 |     110 |   0.0 |       0 |      29 |   0.0 |  1347
           D:4 |       0 |     431 |   0.0 |       0 |      25 |   0.0 |   981
           D:5 |       0 |     247 |   0.0 |       0 |      13 |   0.0 |   653
           D:6 |       0 |     747 |   0.0 |       0 |      24 |   0.0 |  1461
           D:7 |       0 |    1840 |   0.0 |       0 |      27 |   0.0 |  1492
           D:8 |       0 |    1240 |   0.0 |       0 |      20 |   0.0 |  1020
           D:9 |       0 |    2422 |   0.0 |       0 |      32 |   0.0 |  2155
          D:10 |       0 |     620 |   0.0 |       0 |      20 |   0.0 |   838
          D:11 |       0 |    3182 |   0.0 |       0 |      40 |   0.0 |  1002
               +---------+---------+-------+---------+---------+-------+---------
